 Dungeon Crawl Stone Soup version 0.29-a0-283-ga02f740833 (webtiles) character file.

Game seed: 4051164994854581185

6581 bjtr the Arsonist (level 10, -1/68 HPs)
             Began as a Demonspawn Fire Elementalist on Mar 13, 2022.
             Was a Believer of Vehumet.
             Slain by a troll (8 damage)
             ... on level 10 of the Dungeon.
             The game lasted 00:56:12 (12333 turns).

bjtr the Arsonist (Demonspawn Fire Elementalist)   Turns: 12333, Time: 00:56:13

Health: -1/68      AC: 10    Str: 13    XL:     10   Next: 71%
Magic:  2/22       EV: 11    Int: 26    God:    Vehumet [**....]
Gold:   168        SH:  0    Dex: 13    Spells: 4/25 levels left

rFire   . . .      SeeInvis .   o - +3 whip of Death's Door {vamp, rPois Will+ Int+3}
rCold   + . .      Faith    +   (no shield)
rNeg    . . .      Spirit   .   j - +3 leather armour
rPois   +          Reflect  .   (helmet unavailable)
rElec   .          Harm     .   E - +0 cloak {rCorr}
rCorr   +          Rampage  .   d - +1 pair of gloves
Will    ++...                   T - +0 pair of boots
Stlth   ++........              l - amulet of faith
HPRegen 0.21/turn               v - ring of wizardry
MPRegen 0.18/turn               H - ring of Xecwi {rC+ Will+ Str+4}

@: hasted, very quick
A: horns 3, foul stench 2, powered by death 1, big brain 1
a: Renounce Religion


You were on level 10 of the Dungeon.
You worshipped Vehumet.
Vehumet was pleased with you.
You visited 2 branches of the dungeon, and saw 12 of its levels.

You collected 532 gold pieces.
You spent 364 gold pieces at shops.

Inventory:

Hand Weapons
 b - a +2 shortbow of flaming
 g - a +0 scythe
 k - a +2 shortbow of freezing
 o - the +3 whip of Death's Door (weapon) {vamp, rPois Will+ Int+3}
   (You took it off a kobold on level 2 of the Dungeon)

   It occasionally heals its wielder for a portion of the damage dealt when it
   wounds a living foe.
   Int:       It affects your intelligence (+3).
   rPois:     It protects you from poison.
   Will:      It increases your willpower.
 s - a +1 antimagic dagger
 u - a +0 hunting sling
 D - a +2 quarterstaff of chaos
 G - a +0 arbalest
 J - a +2 dagger of speed
 P - a +0 great mace
Missiles
 c - 325 stones
 n - a silver boomerang
 q - 5 silver javelins (quivered)
 w - 8 boomerangs
 B - 11 javelins
 F - a curare-tipped dart
Armour
 a - a +2 leather armour of cold resistance
 d - a +1 pair of gloves (worn)
 j - a +3 leather armour (worn)
 r - a +1 ring mail of poison resistance
 y - a +0 ring mail of fire resistance
 E - a +0 cloak of preservation (worn)
 T - a +0 pair of boots (worn)
Magical Staves
 m - a staff of air
Jewellery
 h - an amulet of guardian spirit
 l - an amulet of faith (around neck)
 v - a ring of wizardry (left hand)
 H - the ring of Xecwi (right hand) {rC+ Will+ Str+4}
   (You found it on level 5 of the Dungeon)

   [ring of willpower]

   Str:       It affects your strength (+4).
   rC:        It protects you from cold.
   Will:      It increases your willpower.
Wands
 i - a wand of acid (3)
 I - a wand of paralysis (24)
 L - a wand of flame (37)
 O - a wand of charming (7)
 Q - a wand of iceblast (5)
Scrolls
 t - 4 scrolls of amnesia
 x - a scroll of enchant weapon
 K - 2 scrolls of immolation
 R - a scroll of identify
Potions
 e - 4 potions of mutation
 f - 2 potions of magic
 p - 4 potions of heal wounds
 z - 3 potions of lignification
 A - 2 potions of might
 M - a potion of cancellation
 S - a potion of attraction
Miscellaneous
 N - a box of beasts


   Skills:
 + Level 2.5 Fighting
 + Level 3.2 Armour
 + Level 1.8 Dodging
 - Level 1.7 Stealth
 + Level 8.2 Spellcasting
 * Level 5.3 Conjurations
 + Level 11.3 Fire Magic


You had 4 spell levels left.
You knew the following spells:

 Your Spells              Type           Power      Damage    Failure   Level
a - Foxfire               Conj/Fire      100%       2x1d9     1%          1
b - Scorch                Fire           100%       2d10      1%          2
c - Conjure Flame         Conj/Fire      52%        6-21      1%          3
d - Flame Wave            Conj/Fire      52%        2d11      1%          4
e - Lightning Bolt        Conj/Air       12%        1d25      26%         5
f - Sublimation of Blood  Necr           10%        N/A       4%          2
g - Olgreb's Toxic Radia  Pois           10%        N/A       26%         4

Your spell library contained the following spells:

 Spells                   Type           Power      Damage    Failure   Level
 Magic Dart               Conj           100%       1d8       1%          1
 Static Discharge         Conj/Air       24%        N/A       1%          2
 Inner Flame              Hex/Fire       40%        N/A       1%          3
 Sting                    Tmut/Pois      40%        1d5       2%          1
 Poisonous Vapours        Pois/Air       20%        N/A       4%          2
 Call Canine Familiar     Summ           10%        N/A       9%          3
 Portal Projectile        Hex/Tloc       20%        N/A       9%          3
 Tukima's Dance           Hex            10%        N/A       9%          3
 Leda's Liquefaction      Hex/Erth       5%         N/A       26%         4
 Passage of Golubria      Tloc           10%        N/A       26%         4
 Petrify                  Tmut/Erth      10%        N/A       26%         4
 Irradiate                Conj/Tmut      12%        3d17      26%         5
 Yara's Violent Unravell  Hex/Tmut       5%         3d4       58%         5
 Maxwell's Capacitive Co  Air            5%         ∞         100%        8


Dungeon Overview and Level Annotations

Branches:
Dungeon (11/15)            Temple (1/1) D:7            Lair (0/6) D:9
    Orc: D:9-12

Altars:
Ashenzari
Cheibriados
Dithmenos
Elyvilon
Fedhas
Gozag
Hepliaklqana
Kikubaaqudgha
Makhleb
Nemelex Xobeh
Qazlal
Ru
Sif Muna
Trog
Uskayaw
Vehumet
Wu Jian
Xom
Yredelemnul
Zin
The Shining One

Shops:
D:6 *   D:8 *


Innate Abilities, Weirdness & Mutations

You have a pair of large horns on your head.
You sometimes emit foul miasma when damaged in melee.
You regenerate a little health from kills.
You have an unusually large brain. (Int +2)


Message History

You start resting.
HP restored.
You open the door.
Casting: Scorch (safe; 1% risk of failure)
Confirm with . or Enter, or press ? or * to list all spells.
Flames lash the troll.
The troll is lightly wounded.
The troll's fire resistance burns away.
The troll is engulfed in blazing flames.
A troll comes into view.
The troll bites you! The troll claws you but does no damage.
The troll claws you.
There is an open door, spattered with blood here.
The troll attacks as you move away! The troll bites you.
You emit a cloud of foul miasma!
The troll misses you. The troll claws you but does no damage.
The troll is engulfed in dark miasma.
The troll is poisoned.
The troll bites you. The troll claws you.
You emit a cloud of foul miasma!
The troll claws you. The troll attacks as you move away!
The troll barely misses you. The troll misses you. The troll claws you.
The troll is engulfed in dark miasma.
The troll is poisoned.
The troll attacks as you move away! The troll bites you.
You emit a cloud of foul miasma!
The troll claws you. The troll claws you but does no damage.
The troll is no longer more vulnerable to fire.
The troll is engulfed in dark miasma.
The troll looks even sicker.
The troll attacks as you move away! The troll barely misses you.
The troll claws you.
You emit a cloud of foul miasma!
The troll misses you.
The troll is engulfed in dark miasma.
The troll looks even sicker.
The troll attacks as you move away! The troll bites you!
* * * LOW HITPOINT WARNING * * *
The troll barely misses you. The troll claws you but does no damage.
You feel yourself speed up. The troll bites you.
* * * LOW HITPOINT WARNING * * *
You emit a cloud of foul miasma!
The troll claws you.
* * * LOW HITPOINT WARNING * * *
The troll claws you!
* * * LOW HITPOINT WARNING * * *
The troll bites you!
You die...

.###,,,,,.,,,,##+#....#,,,,,*,,,,
...#,,....,,.,#.......#,,,,,*,,,,
...#,.....,,,.#.......#,,,,,*,,,,
...#,....,,,,.#.......#,,,,,*,,,,
...#...,,,,,,,'.......#,,,,,*,,,,
...#.#####.,,,#.......######*,,,,
...'.#...#..,,#.............,,,,,
...###...##'###.....######.......
................@...#...,***#....
................TT..'...,,,,#....
....................#...,,,,#....
....................#,,.,,,,#....
................§...#,,,,,,,#....
............#####§..#,,,,,,,#....
...#######..#...'.○.###++####....
...#.....#..#...#................
...#.....#..#...#................


You could see 2 trolls.

Vanquished Creatures
  A death yak (D:9)
  An ugly thing (D:10)
  A cyclops (D:8)
  An elephant (D:9)
  A culicivora (shapeshifter) (D:10)
  Sigmund (D:2)
  A wraith (D:10)
  A shadow (D:10)
  A wyvern (D:9)
  A yak (D:10)
  2 steam dragons
  2 basilisks (D:9)
  4 water moccasins
  2 orc warriors (D:8)
  2 black bears
  An ice beast (D:6)
  A sky beast (D:7)
  2 ogres
  A phantom (D:5)
  4 centaurs
  A kobold brigand (D:4)
  6 bullfrogs
  A necrophage (D:5)
  2 scorpions (D:5)
  4 killer bees (D:9)
  8 howler monkeys
  3 hounds
  3 iguanas
  2 orc priests
  Crazy Yiuf (D:4)
  3 gnoll shamans
  7 orc wizards
  Ijyb (D:5)
  13 gnolls
  6 adders
  A shadow imp (D:5)
  4 white imps
  2 ufetubi
  4 worms
  A dart slug (D:1)
  41 orcs
  6 ball pythons
  6 endoplasms
  3 giant cockroaches
  4 goblins
  5 hobgoblins
  4 jackals (D:1)
  7 kobolds
  4 quokkas
  3 bats
  2 frilled lizards
  21 rats
210 creatures vanquished.

Vanquished Creatures (others)
  301 foxfires
  A plant (D:2)
302 creatures vanquished.

Grand Total: 512 creatures vanquished

Notes
Turn   | Place    | Note
-------+----------+-------------------------------------------
     0 | D:1      | bjtr the Demonspawn Fire Elementalist began the quest for
                  | the Orb.
     0 | D:1      | Reached XP level 1. HP: 13/13 MP: 3/3
    68 | D:1      | Reached skill level 3 in Fire Magic
   438 | D:1      | Gained mutation: You regenerate a little health from kills.
                  | [demonic ancestry]
   438 | D:1      | Reached XP level 2. HP: 19/19 MP: 1/5
   682 | D:1      | Learned a level 2 spell: Scorch
  1303 | D:2      | Gained mutation: You may rarely emit foul miasma when
                  | damaged in melee. [demonic ancestry]
  1303 | D:2      | Reached XP level 3. HP: 24/24 MP: 0/6
  1325 | D:2      | Identified the +3 whip of Death's Door {vamp, rPois Will+
                  | Int+3}
  1399 | D:2      | Noticed Sigmund
  1575 | D:2      | Learned a level 3 spell: Conjure Flame
  1659 | D:2      | Killed Sigmund
  1660 | D:2      | Reached skill level 4 in Fire Magic
  1660 | D:2      | Gained mutation: You have an unusually large brain. (Int
                  | +2) [demonic ancestry]
  1660 | D:2      | Reached XP level 4. HP: 17/30 MP: 0/8
  1660 | D:2      | Gained mutation: You have a pair of small horns on your
                  | head. [demonic ancestry]
  1660 | D:2      | Reached XP level 5. HP: 20/35 MP: 0/9
  2051 | D:2      | Found a faded altar of an unknown god.
  2435 | D:2      | Learned a level 4 spell: Flame Wave
  2679 | D:3      | Reached skill level 5 in Fire Magic
  3533 | D:4      | Noticed a centaur
  3836 | D:4      | Noticed a water moccasin
  3842 | D:4      | Killed a water moccasin
  3843 | D:4      | Reached XP level 6. HP: 41/41 MP: 5/11
  4428 | D:4      | Reached skill level 1 in Armour
  4464 | D:4      | Found a runed translucent door.
  4465 | D:4      | Noticed Crazy Yiuf
  4475 | D:4      | Killed Crazy Yiuf
  4873 | D:4      | Gained mutation: You have a pair of horns on your head.
                  | [demonic ancestry]
  4873 | D:4      | Reached XP level 7. HP: 13/46 MP: 4/12
  4891 | D:4      | Reached skill level 6 in Fire Magic
  5060 | D:5      | Entered Level 5 of the Dungeon
  5524 | D:5      | Identified the ring of Xecwi {rC+ Will+ Str+4}
  5925 | D:5      | Reached XP level 8. HP: 53/53 MP: 7/15
  6013 | D:5      | Noticed Ijyb
  6019 | D:5      | Killed Ijyb
  6111 | D:5      | Reached skill level 7 in Fire Magic
  6178 | D:6      | Reached skill level 5 in Spellcasting
  6854 | D:6      | Reached skill level 1 in Fighting
  6894 | D:6      | Found Histrow's Assorted Antiques.
  6897 | D:6      | Bought 2 scrolls of identify for 104 gold pieces
  6897 | D:6      | Bought a potion of heal wounds for 130 gold pieces
  6897 | D:6      | Bought a scroll of identify for 52 gold pieces
  6897 | D:6      | Bought a scroll labelled JAGUPN VISU for 26 gold pieces
  6897 | D:6      | Bought 2 scrolls labelled EJISHRE EC TIE for 52 gold pieces
  7311 | D:7      | Reached skill level 8 in Fire Magic
  7558 | D:7      | Found a staircase to the Ecumenical Temple.
  7564 | Temple   | Entered the Ecumenical Temple
  7617 | Temple   | Became a worshipper of Vehumet
  7863 | D:7      | Gained mutation: You have a pair of large horns on your
                  | head. [demonic ancestry]
  7863 | D:7      | Reached XP level 9. HP: 35/59 MP: 13/18
  8699 | D:7      | Learned a level 5 spell: Lightning Bolt
  8699 | D:7      | Upgraded the game from 0.29-a0-275-g389c0b56f3 to
                  | 0.29-a0-283-ga02f740833
  9093 | D:8      | You fall into a shaft and drop 3 floors!
  9127 | D:11     | Noticed a purple ugly thing
  9132 | D:10     | Entered Level 10 of the Dungeon
  9227 | D:9      | Reached skill level 9 in Fire Magic
  9227 | D:9      | Reached * piety under Vehumet
  9227 | D:9      | Offered knowledge of Freeze by Vehumet.
  9585 | D:8      | Found Vaifoa Tedant's General Store.
  9817 | D:8      | Noticed a cyclops
  9839 | D:8      | Killed a cyclops
  9840 | D:8      | Reached skill level 10 in Fire Magic
  9840 | D:8      | Gained mutation: You sometimes emit foul miasma when
                  | damaged in melee. [demonic ancestry]
  9840 | D:8      | Reached XP level 10. HP: 67/67 MP: 8/21
 10710 | D:9      | Noticed an elephant
 10732 | D:9      | Killed an elephant
 10899 | D:9      | Found a staircase to the Lair.
 10909 | D:9      | Noticed a death yak
 10952 | D:9      | Reached ** piety under Vehumet
 11095 | D:9      | Offered knowledge of Magic Dart by Vehumet.
 11244 | D:9      | Killed a death yak
 11511 | D:10     | Reached skill level 5 in Conjurations
 11511 | D:10     | Reached skill level 11 in Fire Magic
 11514 | D:10     | Learned a level 2 spell: Sublimation of Blood
 11519 | D:10     | Learned a level 4 spell: Olgreb's Toxic Radiance
 12110 | D:10     | Killed a purple ugly thing
 12333 | D:10     | Slain by a troll

Illustrated notes

Levels and vault maps discovered:
D:1:      matt_arrival_los_fun, layout_rooms, minmay_tetromino_l2
D:2:      layout_loops_cross, ebering_ecumenical_altar_rust, minivault_4,
          minmay_misc_feat_x, serial_bayou_pond_b, grunt_ministairs_10,
          item_on_display_a, uniq_sigmund
D:3:      layout_basic
D:4:      layout_basic, minmay_rat_hole, uniq_crazy_yiuf_cottage
D:5:      layout_basic, uniq_ijyb
D:6:      layout_basic, serial_shops, kennysheep_mini,
          chequers_serial_rivers_small_a
D:7:      layout_gridville, temple_green
D:8:      layout_cave_pods, serial_shops, shop_fountains
D:9:      layout_basic, david_lair_generic
D:10:     layout_irregular_city, okawaru_altar_gauntlet_db
D:11:     layout_small_grid
Temple:   mainiacjoe_temple_archimedes_tessellation

Skill      XL: |  1  2  3  4  5  6  7  8  9 10 |
---------------+-------------------------------+-----
Fire Magic     | 3 4 5 6 8 10 11 | 11.3
Spellcasting   | 3 4 6 7 8 |  8.2
Conjurations   | 2 3 4 5 |  5.3
Armour         | 1 2 3 |  3.2
Fighting       | 1 2 |  2.5
Dodging        | |  1.8
Stealth        | |  1.7

Action                   |  1- 3 |  4- 6 |  7- 9 | 10-12 || total
-------------------------+-------+-------+-------+-------++-------
Melee: Mace              |     5 |       |       |       ||     5
       Whip              |     2 |    45 |    67 |    15 ||   129
       Headbutt          |       |     6 |    15 |     6 ||    27
       Punch             |       |       |     3 |       ||     3
Throw: Javelin           |     6 |       |       |     4 ||    10
       Boomerang         |     3 |       |       |       ||     3
       Stone             |     2 |       |       |       ||     2
 Cast: Foxfire           |    34 |    66 |    57 |    12 ||   169
       Scorch            |     4 |    10 |    78 |    53 ||   145
       Conjure Flame     |     2 |     1 |     3 |    10 ||    16
       Flame Wave        |       |     1 |     8 |     1 ||    10
       Lightning Bolt    |       |       |       |     1 ||     1
       Olgreb's Toxic Ra |       |       |       |     1 ||     1
Evoke: Wand              |       |     1 |     4 |       ||     5
  Use: Scroll            |       |     5 |    12 |     3 ||    20
       Potion            |       |       |     2 |     1 ||     3
 Stab: Distracted        |       |       |       |     1 ||     1
Armor: Robe              |     9 |     1 |       |       ||    10
       Leather armour    |       |    14 |    49 |    23 ||    86
Dodge: Dodged            |    25 |    50 |    70 |    23 ||   168

Table legend: (Time is in decaauts)
 A = Elapsed time spent in this place.
 B = Non-inter-level travel time spent in this place.
 C = Inter-level travel time spent in this place.
 D = Time resting spent in this place.
 E = Time spent auto-exploring this place.
 F = Levels seen in this place.
 G = Mean time per level.
                   A        B        C        D        E       F      G
               +--------+--------+--------+--------+--------+-----+--------+
         Total |  12340 |  12013 |    327 |   4186 |   5855 |  12 | 1028.3 |
       Dungeon |  12078 |  11774 |    304 |   4186 |   5645 |  11 | 1098.0 |
        Temple |    261 |    238 |     23 |      0 |    210 |   1 |  261.0 |
               +--------+--------+--------+--------+--------+-----+--------+

Top non-repeatable levels by time:
     D:3: 1452 daAuts
     D:8: 1381 daAuts
     D:7: 1253 daAuts
     D:2: 1240 daAuts
     D:9: 1235 daAuts
     D:1: 1202 daAuts
     D:4: 1176 daAuts
     D:5: 1113 daAuts
     D:6: 1034 daAuts
    D:10: 949 daAuts
  Temple: 261 daAuts
    D:11: 38 daAuts
